[Event "Titled Tuesday Blitz January 03 Late 2023"]
[White "Gasparyan, David"]
[Black "Desideri, Ricardo Maruchi"]
[WhiteFideId "13311980"]
[BlackFideId "2110440"]
[WhiteElo "2142"]
[BlackElo "1959"]
[Result "1-0"]
[Round "04"]
[TimeControl "180+2"]
[Date "2023.01.03"]
[WhiteClock "0:01:48"]
[BlackClock "0:00:01"]

1. e4 c5 2. Nc3 e6 3. g3 b6 4. Bg2 Bb7 5. d3 Nf6 6. Nh3 d6 7. O-O Be7 8. f4 Qc7 9. Be3 a6 10. g4 h6 11. Nf2 Nbd7 12. d4 cxd4 13. Bxd4 e5 14. Be3 Rc8 15. g5 hxg5 16. fxg5 Nh5 17. Nd5 Bxd5 18. Qxd5 g6 19. Ng4 O-O 20. Nh6+ Kh8 21. Rxf7 Rxf7 22. Qxf7 1-0


[Site "https://www.chess.com"]

[Event "Titled Tuesday Blitz January 03 Late 2023"]
[White "Gomes, Luiz Alexandre de Souza"]
[Black "Winterberg, Lukas"]
[WhiteFideId "2102790"]
[BlackFideId "24622702"]
[WhiteElo "2254"]
[BlackElo "2402"]
[Result "0-1"]
[Round "04"]
[TimeControl "180+2"]
[Date "2023.01.03"]
[WhiteClock "0:00:15"]
[BlackClock "0:01:19"]

1. e4 e6 2. d3 d5 3. Nd2 c5 4. Ngf3 Nc6 5. g3 g6 6. Bg2 Bg7 7. O-O Nge7 8. c3 O-O 9. Qc2 b6 10. Re1 Ba6 11. Nf1 Qc7 12. Bg5 h6 13. Bf4 e5 14. exd5 Nxd5 15. Bd2 Rad8 16. Rad1 Rfe8 17. Bc1 f5 18. Nh4 Kh7 19. Ne3 Nxe3 20. Rxe3 Rd7 21. Qa4 Bb7 22. Rde1 Red8 23. Bf1 Ne7 24. Nf3 Nd5 25. R3e2 Nxc3 26. bxc3 Bxf3 27. Re3 Bc6 28. Qh4 Bb7 29. Rxe5 Bxe5 30. Qxh6+ Kg8 31. Qxg6+ Bg7 32. Re6 Re7 33. Bf4 Rxe6 34. Qxe6+ Qf7 35. Qe3 Qd5 36. f3 Qxf3 37. Qe6+ Kh8 38. Qxf5 Qh1+ 39. Kf2 Qxh2+ 40. Ke1 Bf3 0-1


[Site "https://www.chess.com"]

[Event "Titled Tuesday Blitz January 03 Late 2023"]
[White "Karas, Marek"]
[Black "Balint, Vilmos"]
[WhiteFideId "14928558"]
[BlackFideId "718050"]
[WhiteElo "2227"]
[BlackElo "2169"]
[Result "1-0"]
[Round "04"]
[TimeControl "180+2"]
[Date "2023.01.03"]
[WhiteClock "0:01:18"]
[BlackClock "0:01:07"]

1. h4 e5 2. c4 Be7 3. g3 Nc6 4. Nc3 b6 5. Bg2 Bb7 6. Nd5 Nf6 7. Nxe7 Qxe7 8. d3 O-O-O 9. a3 d5 10. cxd5 Nxd5 11. Bd2 f5 12. Bg5 Nf6 13. Qa4 e4 14. Nh3 exd3 15. O-O dxe2 16. Rfe1 h6 17. Bxc6 hxg5 18. Nxg5 Ne4 19. Rxe2 Qc5 20. Bxb7+ Kxb7 21. Nxe4 fxe4 22. Qxe4+ Kb8 23. Rc2 Qd6 24. Rac1 Rd7 25. Rc6 Qd2 26. R6c2 Qd6 27. b4 g5 28. hxg5 Rdh7 29. g6 Rh1+ 30. Qxh1 Rxh1+ 31. Kxh1 Qxg6 32. Rxc7 Qh5+ 33. Kg1 Qf3 34. b5 1-0


[Site "https://www.chess.com"]

[Event "Titled Tuesday Blitz January 03 Late 2023"]
[White "Ardila, Oscar Humberto"]
[Black "Kuegel, Tobias"]
[WhiteFideId "4404742"]
[BlackFideId "4636295"]
[WhiteElo "1982"]
[BlackElo "2332"]
[Result "0-1"]
[Round "04"]
[TimeControl "180+2"]
[Date "2023.01.03"]
[WhiteClock "0:00:01"]
[BlackClock "0:00:04"]

1. d4 Nf6 2. c4 e6 3. Nc3 Bb4 4. Bd2 O-O 5. Nf3 b6 6. e3 Bb7 7. Be2 Be7 8. O-O d5 9. Rc1 c5 10. dxc5 Bxc5 11. cxd5 Nxd5 12. Nxd5 Bxd5 13. a3 Nd7 14. b4 Be7 15. Bc3 Bf6 16. Nd4 Ne5 17. Qa4 Qd7 18. Bb5 Qb7 19. f3 a6 20. Be2 b5 21. Qd1 Bc4 22. a4 Rfd8 23. Bxc4 Nxc4 24. Qe2 Rac8 25. axb5 axb5 26. Nb3 Be7 27. Rfd1 Qb6 28. Bd4 Qb8 29. Bc5 Bf6 30. Rxd8+ Rxd8 31. Rd1 h6 32. h3 Kh7 33. Nd4 Bxd4 34. Rxd4 Rxd4 35. exd4 Qf4 36. Qe4+ Qxe4 37. fxe4 Nd2 38. d5 Nxe4 39. d6 Nf6 40. Kf2 Kg6 41. Ke3 Nd7 42. Kd4 f6 43. Ke4 f5+ 44. Kd4 Kf6 45. Ba7 g5 46. Bc5 h5 47. g3 h4 48. gxh4 gxh4 49. Ba7 Kg5 50. Ke3 e5 51. Bc5 Kf6 52. Ba7 Ke6 53. Bc5 Nxc5 54. bxc5 Kd7 55. Kd3 f4 56. Ke4 b4 0-1


[Site "https://www.chess.com"]

[Event "Titled Tuesday Blitz January 03 Late 2023"]
[White "Sailer, Mike"]
[Black "marik_spb"]
[WhiteFideId "2012901"]
[WhiteElo "2109"]
[BlackElo "2401"]
[Result "0-1"]
[Round "04"]
[TimeControl "180+2"]
[Date "2023.01.03"]
[WhiteClock "0:00:06"]
[BlackClock "0:00:08"]

1. d4 Nf6 2. Bf4 d5 3. e3 e6 4. Nf3 Bd6 5. Bg3 O-O 6. Bd3 Ne4 7. Nbd2 f5 8. Bxd6 cxd6 9. O-O b6 10. c4 Nxd2 11. Qxd2 Bb7 12. cxd5 Bxd5 13. Rfc1 Nd7 14. a4 Nf6 15. a5 Rc8 16. axb6 Qxb6 17. Ra6 Qb8 18. Rca1 Rf7 19. Ne1 Rb7 20. Qa5 Rxb2 21. Rxa7 Ng4 22. Qa4 Bc6 23. Qc4 Bd5 24. Qa4 Nf6 25. f3 Qb3 26. Qxb3 Rxb3 27. Re7 Rb7 28. Rxb7 Bxb7 29. Ra7 Bd5 30. Ra6 Rd8 31. Kf2 Kf7 32. Ke2 Ke7 33. Kd2 Rb8 34. Kc2 Nd7 35. Ra7 h6 36. e4 fxe4 37. fxe4 Rb7 38. Rxb7 Bxb7 39. Nf3 g5 40. Kc3 Nf6 41. Nd2 Ng4 42. Nf1 Nf2 43. Bc2 Nxe4+ 44. Bxe4 Bxe4 45. g3 Kf6 46. Ne3 Bb7 47. Kc4 Ba6+ 48. Kb4 h5 49. Ka5 Bd3 50. Kb6 e5 51. d5 e4 52. Kc6 Ke5 53. Kd7 Bb5+ 54. Ke7 Kd4 55. Nf5+ Kxd5 56. Ne3+ Ke5 0-1


[Site "https://www.chess.com"]

[Event "Titled Tuesday Blitz January 03 Late 2023"]
[White "Zilleruelo Irizarry, Diego"]
[Black "Mathur, Rithwik"]
[WhiteFideId "3101460"]
[BlackFideId "30913667"]
[WhiteElo "2135"]
[BlackElo "2111"]
[Result "1-0"]
[Round "04"]
[TimeControl "180+2"]
[Date "2023.01.03"]
[WhiteClock "0:00:43"]
[BlackClock "0:00:01"]

1. e4 e5 2. Nf3 Nc6 3. Bb5 a6 4. Ba4 Nf6 5. O-O Be7 6. Re1 b5 7. Bb3 O-O 8. a4 b4 9. a5 Bb7 10. c3 d5 11. exd5 Nxd5 12. Nxe5 Nxe5 13. Rxe5 Bd6 14. Rxd5 Bxd5 15. Bxd5 Bxh2+ 16. Kxh2 Qxd5 17. d4 c5 18. Be3 cxd4 19. Bxd4 Rfe8 20. Nd2 bxc3 21. bxc3 Rad8 22. Qf3 Qxf3 23. Nxf3 f6 24. Rb1 Rd5 25. Bb6 Rb8 26. c4 Rxa5 27. Bxa5 Rxb1 28. c5 Rc1 29. Bb6 Kf7 30. Nd4 Ke7 31. c6 g6 32. Kg3 Rc4 33. f3 a5 34. c7 a4 35. Nb5 Kd7 36. Na7 a3 37. c8=Q+ Rxc8 38. Nxc8 Kxc8 39. Bd4 f5 40. Kf4 Kd7 41. Kg5 Ke8 42. Kh6 Kf7 43. Kxh7 g5 44. Kh6 g4 45. f4 Ke6 46. Kg6 Kd5 47. Be5 Ke4 48. Kg5 a2 49. g3 Kf3 50. Kxf5 Kxg3 51. Kg5 Kf3 52. f5 g3 53. f6 g2 54. f7 g1=Q+ 55. Kf6 a1=Q 56. f8=Q 1-0


[Site "https://www.chess.com"]

[Event "Titled Tuesday Blitz January 03 Late 2023"]
[White "Liu, Casper"]
[Black "Mitrovic, Darko R"]
[WhiteFideId "1454153"]
[BlackFideId "927023"]
[WhiteElo "2278"]
[BlackElo "2220"]
[Result "1-0"]
[Round "04"]
[TimeControl "180+2"]
[Date "2023.01.03"]
[WhiteClock "0:01:06"]
[BlackClock "0:00:04"]

1. c3 a6 2. e4 b5 3. d4 h5 4. Bd3 c6 5. Nf3 e6 6. a4 Bb7 7. O-O d5 8. e5 Nh6 9. Ng5 g6 10. f4 Nf5 11. h3 c5 12. g4 hxg4 13. hxg4 Nh6 14. f5 gxf5 15. gxf5 Nxf5 16. Bxf5 exf5 17. Rxf5 Bc8 18. Rf6 Be6 19. Nxe6 fxe6 20. Qg4 Qd7 21. Bg5 Be7 22. Rxe6 O-O 23. Bxe7+ Kf7 24. Qf5+ Ke8 25. Qxf8# 1-0


[Site "https://www.chess.com"]

[Event "Titled Tuesday Blitz January 03 Late 2023"]
[White "Eisa Mohmood, Alkhoori"]
[Black "Saya, Ethan"]
[WhiteFideId "9316116"]
[BlackFideId "26095181"]
[WhiteElo "1095"]
[BlackElo "2181"]
[Result "1-0"]
[Round "04"]
[TimeControl "180+2"]
[Date "2023.01.03"]
[WhiteClock "0:00:04"]
[BlackClock "0:00:50"]

1. d4 Nf6 2. g3 g6 3. Bg2 Bg7 4. Nf3 O-O 5. O-O c5 6. d5 d6 7. Nc3 a6 8. a4 Bf5 9. Re1 Ne4 10. Nb1 Nd7 11. Nh4 b5 12. g4 Nxf2 13. Kxf2 Bxg4 14. axb5 e5 15. Nf3 Bxf3 16. exf3 Qh4+ 17. Kg1 axb5 18. Rxa8 Rxa8 19. Nc3 b4 20. Ne4 Ra6 21. Qe2 Rb6 22. Bg5 Qh5 23. Be7 Bf8 24. Nf6+ Nxf6 25. Bxf6 Bg7 26. Bxg7 Kxg7 27. f4 Qxe2 28. Rxe2 f6 29. fxe5 fxe5 30. Rf2 Ra6 31. Bh3 Ra1+ 32. Kg2 Ra2 33. b3 h5 34. Be6 Kh6 35. h4 g5 36. hxg5+ Kxg5 37. Bf5 c4 38. bxc4 b3 39. cxb3 Rxf2+ 40. Kxf2 Kxf5 41. b4 Kf6 42. c5 Ke7 43. c6 h4 44. Kf3 Kd8 45. Kg4 Kc7 46. Kxh4 Kb6 47. Kg5 Kc7 48. Kf5 Kd8 49. b5 Kc7 50. Ke4 Kb6 51. Kd3 Kc7 52. Kc4 Kb6 53. Kb4 Kc7 54. Ka5 Kb8 55. b6 Kc8 56. Kb4 Kb8 57. Kc4 Kc8 58. Kd3 Kd8 59. b7 Kc7 60. Kc4 Kb8 61. Kb4 Kc7 62. Kb5 Kb8 63. Kb6 e4 64. c7# 1-0


[Site "https://www.chess.com"]

[Event "Titled Tuesday Blitz January 03 Late 2023"]
[White "Dias, Joao Batista"]
[Black "Prydun, Andriy"]
[WhiteFideId "2108240"]
[BlackFideId "14145898"]
[WhiteElo "1796"]
[BlackElo "2134"]
[Result "0-1"]
[Round "04"]
[TimeControl "180+2"]
[Date "2023.01.03"]
[WhiteClock "0:00:52"]
[BlackClock "0:00:16"]

1. e4 c6 2. d4 d5 3. e5 Bf5 4. c3 a5 5. Bd3 Bxd3 6. Qxd3 e6 7. Ne2 a4 8. a3 Qa5 9. O-O Qb5 10. f4 g6 11. Qxb5 cxb5 12. Nd2 Kd7 13. Nf3 h6 14. g4 Ne7 15. h3 Kc6 16. Kg2 Nd7 17. Bd2 Nb6 18. Rab1 Nc4 19. Bc1 Rg8 20. Ng3 Re8 21. h4 Bg7 22. Kf2 Ref8 23. Ke2 f6 24. b3 axb3 25. Rxb3 f5 26. g5 h5 27. Be3 Ra8 28. Rfb1 Ra5 29. Bc1 Rga8 30. Nf1 Bf8 31. N1d2 Nc8 32. Ne1 N8b6 33. Nd3 Bxa3 34. Nb4+ Bxb4 35. Rxb4 Nxd2 36. Bxd2 Nc4 37. Kd3 Ra2 38. Be1 R8a5 39. R4b3 Rh2 40. Rd1 Raa2 41. Rdb1 Rh3+ 0-1


[Site "https://www.chess.com"]

[Event "Titled Tuesday Blitz January 03 Late 2023"]
[White "Cruz Gomez, Miguel Angel"]
[Black "Gonzalez, Francisco Silva"]
[WhiteFideId "5137160"]
[BlackFideId "1512285"]
[WhiteElo "1950"]
[BlackElo "2021"]
[Result "0-1"]
[Round "04"]
[TimeControl "180+2"]
[Date "2023.01.03"]
[WhiteClock "0:00:11"]
[BlackClock "0:01:30"]

1. Nf3 d5 2. c4 e6 3. d4 Nf6 4. g3 a6 5. Qc2 dxc4 6. Qxc4 b5 7. Qc2 Bb7 8. Bg2 Nbd7 9. Bg5 c5 10. Bxf6 Qxf6 11. dxc5 Bxc5 12. Nbd2 Rc8 13. Qd3 Qxb2 14. O-O Rd8 15. Rab1 Qxa2 16. Rfc1 O-O 17. Ng5 Nf6 18. Qc2 Bxf2+ 19. Kxf2 Rxd2 20. Qxa2 Rxa2 21. Bxb7 h6 22. Nf3 Rb8 23. Rc8+ Rxc8 24. Bxc8 Kf8 25. Bb7 Ke7 26. h3 Kd6 27. Rd1+ Kc7 28. Ba8 b4 29. Nd4 a5 30. Bf3 a4 31. Rc1+ Kd6 32. Rc4 b3 33. Rb4 Kc5 34. Ke3 e5 35. Rb5+ Kc4 36. Rxe5 Kb4 37. Rb5+ Kc4 38. Rb8 b2 39. Nf5 a3 40. Nd6+ Kc5 41. Ne4+ Nxe4 42. Bxe4 Ra1 43. Bc2 Rc1 44. Bd3 a2 45. Rb5+ Kc6 46. Ra5 a1=Q 0-1


[Site "https://www.chess.com"]

[Event "Titled Tuesday Blitz January 03 Late 2023"]
[White "Batista, Renato Luiz"]
[Black "ArchibaldCerveza29"]
[WhiteFideId "2106540"]
[WhiteElo "2174"]
[BlackElo "2509"]
[Result "0-1"]
[Round "04"]
[TimeControl "180+2"]
[Date "2023.01.03"]
[WhiteClock "0:00:04"]
[BlackClock "0:00:07"]

1. e4 e5 2. Nf3 Nc6 3. Bc4 Nf6 4. d3 Be7 5. O-O O-O 6. c3 d6 7. Bg5 Na5 8. Bb5 a6 9. Ba4 b5 10. Bc2 c5 11. Nbd2 Re8 12. Re1 h6 13. Bh4 Nc6 14. a4 Bb7 15. Nf1 d5 16. Ne3 d4 17. Nf5 Bf8 18. cxd4 cxd4 19. Bb3 g6 20. Ng3 Bg7 21. Rc1 Rc8 22. Rc5 Qd6 23. Qc1 Na5 24. Rxc8 Rxc8 25. Qd1 g5 26. Nf5 Qb4 27. Bxf7+ Kxf7 28. Bxg5 Rg8 29. Nxe5+ Ke8 30. Nxg7+ Rxg7 31. Bxf6 Rf7 32. Nxf7 Kxf7 33. e5 Nb3 34. Qh5+ Kf8 35. Qxh6+ Ke8 36. Qh8+ Kd7 37. Qg7+ Kc6 38. Rf1 Nd2 39. Rc1+ Kb6 40. Qc7+ Ka7 41. e6 Nb3 42. Rf1 bxa4 43. e7 Qb5 44. Qd8 Qd5 45. e8=Q Qxg2# 0-1


[Site "https://www.chess.com"]

[Event "Titled Tuesday Blitz January 03 Late 2023"]
[White "Almagro Mazariegos, Sebastian"]
[Black "Smith, Garrett L"]
[WhiteFideId "2221640"]
[BlackFideId "2024829"]
[WhiteElo "2280"]
[BlackElo "2047"]
[Result "0-1"]
[Round "04"]
[TimeControl "180+2"]
[Date "2023.01.03"]
[WhiteClock "0:01:06"]
[BlackClock "0:00:57"]

1. e4 c5 2. Nf3 Nc6 3. d4 cxd4 4. Nxd4 e5 5. Nb5 d6 6. c4 Be7 7. N1c3 a6 8. Na3 f5 9. exf5 Bxf5 10. Bd3 Be6 11. O-O Nf6 12. Bg5 O-O 13. Nc2 Rc8 14. Ne3 Nd4 15. Rc1 Kh8 16. b3 b5 17. cxb5 axb5 18. Nxb5 Rxc1 19. Qxc1 Nxb5 20. Bxb5 Qa5 21. Ba4 d5 22. Qe1 Bb4 23. Qd1 Ne4 24. Bh4 Nc3 25. Qc2 d4 26. Nd1 Bf5 27. Qb2 Nxa4 28. bxa4 Qxa4 29. f4 Bd3 0-1


[Site "https://www.chess.com"]

[Event "Titled Tuesday Blitz January 03 Late 2023"]
[White "Rian, Kapriaga"]
[Black "Hernandez Sanchez, Elvis De La Caridad"]
[WhiteFideId "7103263"]
[BlackFideId "6400353"]
[WhiteElo "2089"]
[BlackElo "2243"]
[Result "1-0"]
[Round "04"]
[TimeControl "180+2"]
[Date "2023.01.03"]
[WhiteClock "0:00:06"]
[BlackClock "0:00:02"]

1. d4 Nf6 2. Nf3 g6 3. Bf4 Bg7 4. e3 O-O 5. Be2 d6 6. h3 Nbd7 7. O-O Qe8 8. Bh2 e5 9. c4 Qe7 10. Nc3 c6 11. a3 Re8 12. Re1 h5 13. b4 Nh7 14. c5 dxc5 15. bxc5 Ng5 16. Nxg5 Qxg5 17. Ne4 Qe7 18. Nd6 Rf8 19. Rb1 b6 20. Nxc8 Raxc8 21. cxb6 axb6 22. Qa4 b5 23. Qb3 Nb6 24. dxe5 Bxe5 25. Bxe5 Qxe5 26. Bf3 Na4 27. Rbc1 Qf6 28. Rc2 Nb6 29. Rec1 Nc4 30. a4 Rb8 31. axb5 cxb5 32. Bd5 Rfc8 33. e4 Qd4 34. Qf3 Rc7 35. Qg3 Qb6 36. Bxc4 bxc4 37. Rxc4 Rxc4 38. Rxc4 Rd8 39. Rc1 Qd6 40. e5 Qe6 41. Rf1 Kg7 42. f4 Qf5 43. Kh2 Rd2 44. Qe3 Rd3 45. Qe2 Rc3 46. Qb2 Rc2 47. Qd4 Kh7 48. Ra1 Qe6 49. Qe4 Qc6 50. Qxc6 Rxc6 51. Ra7 Kg8 52. Kg3 Rc2 53. Rb7 Rd2 54. Re7 Rd3+ 55. Kh4 Rd2 56. g3 Re2 57. Kg5 Re3 58. g4 Rxh3 59. Kf6 hxg4 60. Rxf7 Rh6 61. Rg7+ Kh8 62. Ra7 g5+ 63. Kxg5 Rb6 64. Kxg4 Kg8 65. f5 Kf8 66. Kg5 Ke8 67. e6 Kf8 68. Kf6 Kg8 69. Rg7+ Kf8 70. Rc7 Ke8 71. Rc8# 1-0


[Site "https://www.chess.com"]

[Event "Titled Tuesday Blitz January 03 Late 2023"]
[White "Souza, Gustavo Horokoski De"]
[Black "Alexikov, Alexander"]
[WhiteFideId "2146584"]
[BlackFideId "14103958"]
[WhiteElo "1943"]
[BlackElo "2209"]
[Result "0-1"]
[Round "04"]
[TimeControl "180+2"]
[Date "2023.01.03"]
[WhiteClock "0:00:03"]
[BlackClock "0:00:27"]

1. d4 Nf6 2. c4 g6 3. Nc3 Bg7 4. Nf3 d6 5. e3 O-O 6. Bd3 c5 7. O-O b6 8. b3 Bb7 9. Bb2 e6 10. Be2 Nbd7 11. Rc1 a6 12. Qc2 Qc7 13. Rfd1 Rac8 14. Rd2 Rfd8 15. Rcd1 cxd4 16. Nxd4 d5 17. cxd5 Nxd5 18. Bc4 N7f6 19. e4 Nxc3 20. Bxc3 b5 21. Nxe6 Rxd2 22. Qxd2 Nxe4 23. Nxc7 Nxd2 24. Bxd2 bxc4 25. Bf4 c3 26. h3 h6 27. Nd5 Bxd5 28. Rxd5 c2 29. Bc1 Bf8 30. Rd2 Bb4 31. Re2 g5 32. g3 Kg7 33. Kg2 Kg6 34. Re4 a5 35. Rc4 Rxc4 36. bxc4 Kf5 37. Kf3 Ke5 38. Ke2 Kd4 39. f4 f6 40. fxg5 fxg5 41. h4 gxh4 42. gxh4 h5 43. Bd2 Ba3 44. Be3+ Kxc4 0-1


[Site "https://www.chess.com"]

[Event "Titled Tuesday Blitz January 03 Late 2023"]
[White "Wieczorek, Zbigniew"]
[Black "Guevara Sanchez, Erick Marvin"]
[WhiteFideId "1102001"]
[BlackFideId "6700136"]
[WhiteElo "2150"]
[BlackElo "2073"]
[Result "1-0"]
[Round "04"]
[TimeControl "180+2"]
[Date "2023.01.03"]
[WhiteClock "0:00:36"]
[BlackClock "0:00:05"]

1. Nf3 Nf6 2. d4 e6 3. c4 b6 4. Nc3 Bb4 5. g3 Ba6 6. Qb3 Bxc3+ 7. Qxc3 Bb7 8. Bg2 O-O 9. O-O d5 10. b3 Ne4 11. Qc2 c5 12. dxc5 bxc5 13. cxd5 exd5 14. Bb2 Nd7 15. Rad1 d4 16. Nxd4 cxd4 17. Bxe4 Rc8 18. Bxh7+ Kh8 19. Qb1 Nf6 20. Bf5 Qd5 21. f3 Rcd8 22. Bxd4 Qb5 23. Bd3 Qa5 24. Qb2 Qg5 25. Bf2 Nh5 26. Qa3 a6 27. Qc5 Qxc5 28. Bxc5 Nf6 29. Bxf8 Rxf8 30. Bc4 Ra8 31. Bxf7 Rf8 32. Bg6 Kg8 33. e4 Ne8 34. Rd8 Nf6 35. Rxf8+ Kxf8 36. Rd1 Ke7 37. Bf5 Nd7 38. Rxd7+ 1-0


[Site "https://www.chess.com"]

[Event "Titled Tuesday Blitz January 03 Late 2023"]
[White "Marcolino, Daniel Mattos"]
[Black "Liu, Kelsey"]
[WhiteFideId "2106841"]
[BlackFideId "30944481"]
[WhiteElo "2006"]
[BlackElo "2065"]
[Result "0-1"]
[Round "04"]
[TimeControl "180+2"]
[Date "2023.01.03"]
[WhiteClock "0:00:20"]
[BlackClock "0:01:11"]

1. d4 Nf6 2. Nf3 e6 3. g3 d5 4. Bg2 Be7 5. O-O O-O 6. c4 dxc4 7. Qc2 a6 8. a4 c5 9. dxc5 Bxc5 10. Qxc4 Nbd7 11. Nc3 b5 12. Qd3 Bb7 13. axb5 axb5 14. Rxa8 Qxa8 15. Qxb5 Rc8 16. Rd1 Bc6 17. Qd3 Ng4 18. e3 Nde5 19. Nxe5 Nxe5 20. Bxc6 Qxc6 21. Qe4 Qc7 22. Na4 f5 23. Qh4 Be7 24. Qd4 Nf3+ 0-1


[Site "https://www.chess.com"]

[Event "Titled Tuesday Blitz January 03 Late 2023"]
[White "Sloan, Julia Elizabeth"]
[Black "Lock, Gavin R"]
[WhiteFideId "2018950"]
[BlackFideId "408646"]
[WhiteElo "2087"]
[BlackElo "2083"]
[Result "1/2-1/2"]
[Round "04"]
[TimeControl "180+2"]
[Date "2023.01.03"]
[WhiteClock "0:00:33"]
[BlackClock "0:00:03"]

1. d4 d5 2. c4 e6 3. Nc3 a6 4. Nf3 dxc4 5. a4 Nc6 6. e4 Na5 7. Be3 c6 8. Ne5 b5 9. Qf3 Nf6 10. Nxf7 Kxf7 11. e5 Bb4 12. exf6 Qxf6 13. Qg3 Re8 14. Be2 Kg8 15. O-O Nb3 16. Rad1 Bb7 17. Bf3 Bxc3 18. bxc3 h6 19. Be4 Rad8 20. f4 Rf8 21. Rde1 Ba8 22. Qg4 c5 23. Bxa8 Rxa8 24. dxc5 Qxc3 25. Qxe6+ Kh8 26. axb5 axb5 27. Bc1 Rae8 28. Qxe8 Rxe8 29. Rxe8+ Kh7 30. c6 Qd4+ 31. Be3 Qd6 32. Rc8 Qe6 33. Rc7 Qxe3+ 34. Kh1 Qb6 35. Rc8 Qa6 36. Rc7 Qb6 37. Rc8 Qa6 38. Rc7 Qb6 1/2-1/2


[Site "https://www.chess.com"]

[Event "Titled Tuesday Blitz January 03 Late 2023"]
[White "Schill, William"]
[Black "Van den Dikkenberg, Erik"]
[WhiteFideId "2016710"]
[BlackFideId "1005880"]
[WhiteElo "2147"]
[BlackElo "2091"]
[Result "0-1"]
[Round "04"]
[TimeControl "180+2"]
[Date "2023.01.03"]
[WhiteClock "0:00:03"]
[BlackClock "0:01:34"]

1. e4 c5 2. Nf3 d6 3. d4 cxd4 4. Nxd4 Nf6 5. Nc3 a6 6. Bg5 e6 7. f4 Nc6 8. Nf3 Qb6 9. Qd2 Qxb2 10. Rb1 Qa3 11. e5 Nd5 12. Nxd5 exd5 13. Qxd5 Be6 14. Qd3 Qxa2 15. Rxb7 d5 16. Qb3 Qa1+ 17. Kf2 Bc5+ 18. Kg3 O-O 19. Rc7 Nd4 20. Nxd4 Qe1+ 0-1


[Site "https://www.chess.com"]

[Event "Titled Tuesday Blitz January 03 Late 2023"]
[White "Jenkins, Drake"]
[Black "Aung Thant Zin"]
[WhiteFideId "2022397"]
[BlackFideId "13000063"]
[WhiteElo "2130"]
[BlackElo "2268"]
[Result "1-0"]
[Round "04"]
[TimeControl "180+2"]
[Date "2023.01.03"]
[WhiteClock "0:00:04"]
[BlackClock "0:00:13"]

1. Nf3 d5 2. g3 Nf6 3. Bg2 e6 4. O-O Be7 5. d3 O-O 6. c4 c5 7. cxd5 Nxd5 8. Nc3 Nc6 9. Nxd5 Qxd5 10. Be3 Qd7 11. a3 Rb8 12. Qa4 b6 13. Bf4 Bd6 14. Bxd6 Qxd6 15. Nd2 Bd7 16. Qf4 Qxf4 17. gxf4 Nd4 18. Rae1 Rfd8 19. Nf3 Bb5 20. Ne5 f6 21. Nc4 Bxc4 22. dxc4 b5 23. e3 Nb3 24. cxb5 Nd2 25. Rc1 Nxf1 26. Bxf1 Rd2 27. Rxc5 Rxb2 28. Bc4 Rb6 29. Rc8+ Kf7 30. Rc7+ Kg6 31. Rxa7 Rd6 32. Ra6 Rd1+ 33. Kg2 Rdd2 34. Kf3 f5 35. Rxe6+ Kh5 36. Kg3 Rxf2 37. Bd5 Rxh2 38. Bf3# 1-0


[Site "https://www.chess.com"]

[Event "Titled Tuesday Blitz January 03 Late 2023"]
[White "Sabar, Ethmane Daouda"]
[Black "Vargas, Mauricio"]
[WhiteFideId "19600097"]
[BlackFideId "4404572"]
[WhiteElo "2040"]
[BlackElo "2035"]
[Result "1-0"]
[Round "04"]
[TimeControl "180+2"]
[Date "2023.01.03"]
[WhiteClock "0:00:28"]
[BlackClock "0:00:05"]

1. d4 d5 2. Nc3 c6 3. e4 dxe4 4. Nxe4 Nf6 5. Nxf6+ exf6 6. c3 Bd6 7. Bd3 O-O 8. Ne2 Bg4 9. f3 Bh5 10. O-O Re8 11. Qc2 Bg6 12. Bxg6 hxg6 13. Nf4 Qc7 14. g3 g5 15. Ng2 Nd7 16. Be3 Re7 17. Bf2 Rae8 18. Rfe1 Nf8 19. Ne3 g6 20. Ng4 Kg7 21. c4 Qd7 22. d5 cxd5 23. cxd5 b6 24. Qc3 Nh7 25. Rxe7 Qxe7 26. Re1 Qf8 27. Rxe8 Qxe8 28. Bd4 1-0


[Site "https://www.chess.com"]

[Event "Titled Tuesday Blitz January 03 Late 2023"]
[White "qiaohu_henry"]
[Black "Lutz, Igor Oscar"]
[BlackFideId "2110806"]
[WhiteElo "2253"]
[BlackElo "1969"]
[Result "1-0"]
[Round "04"]
[TimeControl "180+2"]
[Date "2023.01.03"]
[WhiteClock "0:00:17"]
[BlackClock "0:00:06"]

1. d4 d5 2. Bf4 Nf6 3. e3 c5 4. dxc5 Nc6 5. Nf3 Qa5+ 6. c3 Qxc5 7. h3 Bf5 8. Be2 e6 9. Nbd2 Qb6 10. Nb3 Be7 11. O-O O-O 12. Nfd4 Bg6 13. Bh2 e5 14. Nxc6 bxc6 15. Bxe5 Rfe8 16. Bh2 Ne4 17. Qd4 Qb7 18. Rfd1 Bf6 19. Qa4 Rad8 20. Rac1 Qd7 21. Nd4 Bxd4 22. cxd4 Qf5 23. Rf1 Ng5 24. Bg4 Qe4 25. Qxc6 h5 26. Be2 Nxh3+ 27. gxh3 Qh4 28. Qc7 Qxh3 29. Qg3 Qe6 30. Rc7 Rd6 31. Rfc1 Qe4 32. Qxd6 Re6 33. Qf4 Qxf4 34. Bxf4 1-0


[Site "https://www.chess.com"]

[Event "Titled Tuesday Blitz January 03 Late 2023"]
[White "Sariego Figueredo, Wilfredo"]
[Black "Oliveira, Tiago Batista"]
[WhiteFideId "3500080"]
[BlackFideId "2108291"]
[WhiteElo "2318"]
[BlackElo "1991"]
[Result "1-0"]
[Round "04"]
[TimeControl "180+2"]
[Date "2023.01.03"]
[WhiteClock "0:00:41"]
[BlackClock "0:00:06"]

1. d4 Nf6 2. Bf4 g6 3. Nc3 d6 4. e4 Bg7 5. Qd2 O-O 6. O-O-O Nc6 7. Bh6 e5 8. Bxg7 Kxg7 9. dxe5 dxe5 10. Nd5 Nxe4 11. Qe3 Bf5 12. Nb6 axb6 13. Rxd8 Rfxd8 14. a3 Rd2 15. Bd3 Rd8 16. Nf3 Rxf2 17. Bxe4 Rxg2 18. Bxf5 1-0


[Site "https://www.chess.com"]

[Event "Titled Tuesday Blitz January 03 Late 2023"]
[White "Clawitter, Craig"]
[Black "Munoz Misselis, Nelson Carlos"]
[WhiteFideId "2023105"]
[BlackFideId "6601790"]
[WhiteElo "2050"]
[BlackElo "1730"]
[Result "1-0"]
[Round "04"]
[TimeControl "180+2"]
[Date "2023.01.03"]
[WhiteClock "0:00:11"]
[BlackClock "0:00:16"]

1. e4 c5 2. Nf3 d6 3. d4 cxd4 4. Nxd4 Nf6 5. Nc3 a6 6. Be3 e5 7. Nb3 Be6 8. f3 Be7 9. Qd2 Nbd7 10. g4 O-O 11. O-O-O b5 12. Rg1 Rc8 13. g5 Nh5 14. Nd5 Bxd5 15. exd5 Nb6 16. Na5 Nc4 17. Bxc4 Rxc4 18. Nxc4 bxc4 19. Rg4 Qc7 20. Qc3 Rc8 21. Rf1 Bf8 22. f4 g6 23. f5 Qd7 24. Rxc4 Rxc4 25. Qxc4 gxf5 26. Qxa6 f4 27. Bd2 Be7 28. Qc6 Qh3 29. Qc4 Qxh2 30. a4 Ng3 31. Re1 Qg2 32. a5 Bxg5 33. a6 e4 34. a7 e3 35. a8=Q+ Kg7 36. Bc3+ f6 37. Qb7+ Kh6 38. Qf7 f3 39. Bxf6 e2+ 40. Bxg5+ Kxg5 41. Qcf4# 1-0


[Site "https://www.chess.com"]

[Event "Titled Tuesday Blitz January 03 Late 2023"]
[White "Bluebaum, Matthias"]
[Black "Nakamura, Hikaru"]
[WhiteFideId "24651516"]
[BlackFideId "2016192"]
[WhiteElo "2669"]
[BlackElo "2775"]
[Result "0-1"]
[Round "05"]
[TimeControl "180+2"]
[Date "2023.01.03"]
[WhiteClock "0:00:05"]
[BlackClock "0:00:20"]

1. d4 f5 2. Bf4 Nf6 3. e3 e6 4. h3 c5 5. Nf3 Be7 6. c3 O-O 7. Be2 b6 8. O-O Bb7 9. Nbd2 d5 10. a4 Nc6 11. Ne5 Nxe5 12. Bxe5 Bd6 13. f4 Be7 14. a5 Nd7 15. Nf3 Bc6 16. c4 bxa5 17. Qd2 a4 18. cxd5 Bxd5 19. Rxa4 Nb6 20. Raa1 c4 21. Ra5 Qd7 22. Rfa1 Rfc8 23. Qc3 Qb7 24. Kh2 Nd7 25. R5a4 a5 26. Bxc4 Nb6 27. Bxd5 Qxd5 28. Qd3 Nxa4 29. Rxa4 Bb4 30. Ra1 Rc6 31. Ng5 h6 32. e4 Qc4 33. Qxc4 Rxc4 34. Nxe6 fxe4 35. Nxg7 e3 36. Nf5 e2 37. d5 e1=Q 38. Rxe1 Bxe1 39. d6 Bb4 40. Nxh6+ Kf8 41. Nf5 Kf7 42. h4 Ke6 43. g4 Rg8 44. Kh3 Rc1 45. Nd4+ Kd5 46. d7 Rh1+ 47. Kg2 Rxh4 48. g5 Rh7 49. Kf3 Rxd7 50. Nf5 Rxg5 51. Ne3+ Ke6 0-1


[Site "https://www.chess.com"]